 Dungeon Crawl Stone Soup version 0.29-a0-275-g389c0b56f3 (webtiles) character file.

Game seed: 11432559547836469000

12 spaghetti the Magician (level 2, -1/22 HPs)
             Began as a Naga Hedge Wizard on Mar 12, 2022.
             Was a Follower of Kikubaaqudgha.
             Frozen to death by an endoplasm (5 damage)
             ... on level 1 of the Dungeon.
             The game lasted 00:01:03 (999 turns).

spaghetti the Magician (Naga Hedge Wizard)           Turns: 999, Time: 00:01:03

Health: -1/22      AC:  1    Str: 12    XL:     2   Next: 33%
Magic:  1/6        EV:  9    Int: 14    God:    Kikubaaqudgha [*.....]
Gold:   9          SH:  0    Dex: 10    Spells: 7/8 levels left

rFire   . . .      SeeInvis +   a - +0 dagger {short}
rCold   . . .      Faith    .   (no shield)
rNeg    . . .      Spirit   .   b - +0 robe
rPois   +          Reflect  .   c - +0 hat
rElec   .          Harm     .   (no cloak)
rCorr   .          Rampage  .   (no gloves)
Will    .....                   (no barding)
Stlth   ++........              (no amulet)
HPRegen 0.07/turn               (no ring)
MPRegen 0.10/turn               (no ring)

@: short of breath, very slow
A: AC +0, large, see invisible, deformed body, poison resistance, slowness 2,
spit poison 1, naga tail 1
a: Spit Poison, Renounce Religion, Receive Corpses


You were on level 1 of the Dungeon.
You worshipped Kikubaaqudgha.
Kikubaaqudgha was aware of your devotion.
You visited 1 branch of the dungeon, and saw 1 of its levels.

You collected 9 gold pieces.


Innate Abilities, Weirdness & Mutations

Your serpentine skin is tough. (AC +0)
You have supernaturally acute eyesight. (SInv)
Armour fits poorly on your strangely shaped body.
Your system is resistant to poisons. (rPois)
You cover ground very slowly.
You can spit poison.
You have a snake-like lower body.


   Skills:
 - Level 1.5 Dodging
 - Level 3.0 Stealth
 + Level 3.6 Spellcasting
 - Level 1.0 Conjurations
 - Level 1.0 Summonings
 - Level 1.0 Translocations


You had 7 spell levels left.
You knew the following spells:

 Your Spells              Type           Power      Damage    Failure   Level
a - Magic Dart            Conj           20%        1d4       14%         1

Your spell library contained the following spells:

 Spells                   Type           Power      Damage    Failure   Level
 Animate Skeleton         Necr           4%         N/A       21%         1
 Slow                     Hex            8%         N/A       21%         1
 Blink                    Tloc           10%        N/A       21%         2
 Call Imp                 Summ           5%         N/A       21%         2
 Corpse Rot               Necr/Air       4%         N/A       30%         2
 Sublimation of Blood     Necr           2%         N/A       30%         2
 Conjure Flame            Conj/Fire      3%         6-21      45%         3
 Mephitic Cloud           Conj/Pois/Air  3%         N/A       47%         3
 Vampiric Draining        Necr           2%         2d6       52%         3

Inventory:

Hand Weapons
 a - a +0 dagger (weapon) {short}
Missiles
 e - 16 stones {throwing}
Armour
 b - a +0 robe (worn)
 c - a +0 hat (worn)
Scrolls
 h - a scroll of noise {unknown}
 i - a scroll of amnesia {unknown}
 j - a scroll of teleportation {unknown}
Potions
 d - a potion of magic
 g - a potion of invisibility {unknown}

Dungeon Overview and Level Annotations

Branches:
Dungeon (1/15)

Altars:
Kikubaaqudgha

+# .# .#
###.### #.....#
#######.J...#
.......@)...##
#######.#......
#.#.#.###
#.#.#.# #.....#
###.###
########## #.#
#........# #.#
#.######.# #.#


You could see an endoplasm.


Message History

No target in view!
A rat comes into view. 😎 MP[+4]
Your mp is fully restored (6).
A rat is nearby!
A rat is nearby!
The magic dart hits the rat.
You kill the rat!
Kikubaaqudgha accepts your kill. 😎 MP[-1]
You lost 1 mp, and now have 5/6 mp.
No target in view!
No target in view!
No target in view!
No target in view!
No target in view!
No target in view!
No target in view!
You see here a rat corpse.
Key pressed, stopping explore.
A kobold comes into view.
It is wielding a +0 short sword. 😎 MP[+1]
Your mp is fully restored (6).
A kobold is nearby!
The magic dart hits the kobold but does no damage.
The kobold shouts! 😎 MP[-1]
You lost 1 mp, and now have 5/6 mp.
The magic dart hits the kobold but does no damage.
The magic dart hits the kobold.
An endoplasm comes into view.
You miscast Magic Dart.
You are very lightly contaminated with residual magic.
Nothing appears to happen.
The endoplasm quivers. 😎 MP[-3]
You lost 3 mp, and now have 2/6 mp.
The magic dart hits the kobold. 😎 MP[-1]
You lost 1 mp, and now have 1/6 mp.
The magic dart hits the kobold but does no damage. 😎 MP[-1]
You lost 1 mp, and now have 0/6 mp.
You closely miss the kobold.
The kobold hits you with a +0 short sword. 😕 HP[-1]
You take 1 damage, and now have 21/22 hp.
You miss the kobold. The kobold completely misses you.
You hit the kobold but do no damage.
The kobold hits you with a +0 short sword. 😕 HP[-4]
You take 4 damage, and now have 17/22 hp.
You hit the kobold.
You kill the kobold!
Kikubaaqudgha accepts your kill. The endoplasm freezes you.
You are frozen.
Your magical contamination has completely faded away. 😮 HP[-1] MP[+1]
You take 1 damage, and now have 16/22 hp.
You are too injured to fight recklessly!
You are too injured to fight recklessly!
You are too injured to fight recklessly!
You are too injured to fight recklessly!
You are too injured to fight recklessly!
You are too injured to fight recklessly!
You are too injured to fight recklessly!
You are too injured to fight recklessly!
An endoplasm is nearby!
You hit the endoplasm. The endoplasm freezes you.
You are frozen. 😮 HP[-4]
You take 4 damage, and now have 12/22 hp.
You barely miss the endoplasm. The endoplasm freezes you.
You are frozen.
* * * LOW HITPOINT WARNING * * *
😨 HP[-3]
You take 3 damage, and now have 9/22 hp.
You hit the endoplasm. The endoplasm freezes you.
You are frozen.
* * * LOW HITPOINT WARNING * * *
You barely miss the endoplasm. The endoplasm freezes you.
You are frozen.
* * * LOW HITPOINT WARNING * * *
😱 HP[-5]
You take 5 damage, and now have 4/22 hp.
MASSIVE DAMAGE!! (PAUSE)
Aiming: Spit Poison (2% risk of failure)
Press: ? - help, Shift-Dir - straight line, f - endoplasm
Aim: an endoplasm (severely wounded, 97% to hit)
The splash of poison hits the endoplasm.
The endoplasm completely resists.
The endoplasm freezes you.
You are frozen.
You die...
Kikubaaqudgha rasps: "You have failed me!
Welcome... death!"

Action                   || total
-------------------------++-------
Melee: Dagger            ||    27
 Cast: Magic Dart        ||    34
 Abil: Spit Poison       ||     2
  Use: Potion            ||     1
Armor: Robe              ||     7
Dodge: Dodged            ||    12

Levels and vault maps discovered:
D:1:      zaba_arrival_water, layout_loops_corners,
          shapermc_ecumenical_altar_mp_vishouse

Notes
Turn   | Place    | Note
-------+----------+-------------------------------------------
     0 | D:1      | spaghetti the Naga Hedge Wizard began the quest for the
                  | Orb.
     0 | D:1      | Reached XP level 1. HP: 15/15 MP: 4/4
     0 | D:1      | magus.rc [v1.9.6]
   349 | D:1      | Found a faded altar of an unknown god.
   352 | D:1      | Prayed at the altar of an unknown god.
   352 | D:1      | Became a worshipper of Kikubaaqudgha
   352 | D:1      | Reached * piety under Kikubaaqudgha
   352 | D:1      | You add the spells Animate Skeleton, Corpse Rot,
                  | Sublimation of Blood and Vampiric Draining to your library.
   352 | D:1      | Received a gift from Kikubaaqudgha
   726 | D:1      | Reached XP level 2. HP: 19/22 MP: 0/6
   998 | D:1      | HP: 4/22 [frozen (5)]
   999 | D:1      | Frozen to death by an endoplasm

Vanquished Creatures
  2 endoplasms (D:1)
  A giant cockroach (D:1)
  A hobgoblin (D:1)
  2 quokkas (D:1)
  A bat (D:1)
  A frilled lizard (D:1)
  2 kobolds (D:1)
  2 rats (D:1)
12 creatures vanquished.

Table legend:
 A = Non-vault XP
 B = Vault XP
 C = Vault XP percentage of total XP
 D = Non-vault monster count
 E = Vault monster count
 F = Vault count percentage of total count
                 A         B        C        D         E       F
            +---------+---------+-------+---------+---------+-------
      Total |      18 |       0 |   0.0 |      12 |       0 |   0.0
            +---------+---------+-------+---------+---------+-------
        D:1 |      18 |       0 |   0.0 |      12 |       0 |   0.0
            +---------+---------+-------+---------+---------+-------

Illustrated notes

Table legend:
 A = Kills in this place as a percentage of kills in entire the game.
 B = Kills by you in this place as a percentage of kills by you in the entire game.
 C = Kills by friends in this place as a percentage of kills by friends in the entire game.
 D = Other kills in this place as a percentage of other kills in the entire game.
 E = Experience gained in this place as a percentage of experience gained in the entire game.
 F = Experience gained in this place divided by the number of levels of this place that you have seen.
                   A       B       C       D       E      F
               +-------+-------+-------+-------+-------+----------------------
         Total | 100.0 | 100.0 |   N/A |   N/A | 100.0 |  18.0
       Dungeon | 100.0 | 100.0 |   N/A |   N/A | 100.0 |  18.0
               +-------+-------+-------+-------+-------+----------------------

Table legend: (Time is in decaauts)
 A = Elapsed time spent in this place.
 B = Non-inter-level travel time spent in this place.
 C = Inter-level travel time spent in this place.
 D = Time resting spent in this place.
 E = Time spent auto-exploring this place.
 F = Levels seen in this place.
 G = Mean time per level.
                   A        B        C        D        E       F      G
               +--------+--------+--------+--------+--------+-----+--------+
         Total |   1140 |   1140 |      0 |     50 |    980 |   1 | 1140.0 |
       Dungeon |   1140 |   1140 |      0 |     50 |    980 |   1 | 1140.0 |
               +--------+--------+--------+--------+--------+-----+--------+

Top non-repeatable levels by time:
     D:1: 1140 daAuts
